cohdb
Replays
Latest Replays
All Replays
Popular Replays
Top Player Replays
Match Explorer
How It Works
Community
CoH3 Stats
Reddit
Sign in to upload your games and track your stats! →
Sign in with Steam
Match 38097696
Unlisted
Match 38097696
Overview
Messages
Build Orders
End
Kettenkrad Recon Vehicle
Construct Infanterie Kompanie
Selects Luftwaffe Battlegroup
Selects Luftwaffe Pioneer Support
Fallschirmpioneer Squad Paradrop
Fallschirmpioneer Squad Paradrop
MG 42 Machine Gun Team
Medical Station
Fallschirmpioneer Squad Paradrop
Selects Stuka Strafing Run
Construct Panzergrenadier Kompanie
Fallschirmpioneer Squad Paradrop
Selects Fallschirmjäger Squad Paradrop
Pak 40 Anti-tank Gun Team
Pak 40 Anti-tank Gun Team
maracifio
RaideraK
SneaKerz
gb_gbg
0
0
Comments
sign in to comment!
No comments posted yet!